 Dungeon Crawl Stone Soup version 0.27-a0-789-g6bb3289e1e (webtiles) character file.

Game seed: 15789178034800264195

95 leviel the Skirmisher (level 4, 0/29 HPs)
             Began as a Gargoyle Monk on Mar 26, 2021.
             Slain by an orc
             ... wielding a +0 dagger
              (3 damage)
             ... on level 2 of the Dungeon.
             The game lasted 00:01:27 (1770 turns).

leviel the Skirmisher (Gargoyle Monk)               Turns: 1770, Time: 00:01:28

Health: 0/29       AC:  5    Str: 16    XL:     4   Next: 66%
Magic:  4/4        EV: 12    Int: 10    God:
Gold:   43         SH:  0    Dex: 12    Spells: 3/3 levels left

rFire    . . .     SeeInvis .   a - +0 falchion
rCold    . . .     Faith    .   (no shield)
rNeg     + . .     Spirit   .   b - +0 robe
rPois    ∞         Reflect  .   (no helmet)
rElec    +         Harm     .   (no cloak)
rCorr    .         Rampage  .   (no gloves)
Will     .....                  (no boots)
Stlth    ++........             (no amulet)
HPRegen  0.09/turn              (no ring)
MPRegen  0.09/turn              (no ring)

@: no status effects
A: AC +3, negative energy resistance 1, electricity resistance, torment
resistance 1, unbreathing 1, petrification resistance
a: no special abilities


You were on level 2 of the Dungeon.
You visited 1 branch of the dungeon, and saw 2 of its levels.

You collected 43 gold pieces.

Inventory:

Hand Weapons
 a - a +0 falchion (weapon)
Armour
 b - a +0 robe (worn)
Jewellery
 g - an amulet of regeneration
Scrolls
 d - a scroll of holy word {unknown}
 e - a scroll of fog {unknown}
 h - 2 scrolls of teleportation {unknown}
Potions
 c - a potion of curing {unknown}
 f - a potion of brilliance {unknown}
 i - a potion of ambrosia {unknown}


   Skills:
 + Level 4.0 Fighting
 + Level 3.7 Long Blades
 * Level 1.1 Armour
 + Level 2.9 Dodging
 - Level 2.3 Stealth


You had 3 spell levels left.
You didn't know any spells.
Your spell library was empty.

Dungeon Overview and Level Annotations

Branches:
Dungeon (2/15)

Altars:


Innate Abilities, Weirdness & Mutations

Your stone body is resilient. (AC +3)
You are immune to poison.
You resist negative energy. (rN+)
You are resistant to electric shocks. (rElec)
You are resistant to unholy torment.
You can survive without breathing.
You are immune to petrification.


Message History

You kill the orc!
The orc closely misses you.
The orc priest hits you with a +0 flail!
The orc hits you but does no damage.
You slash the orc priest!
The orc priest is heavily wounded.
An orc comes into view. It is wielding a +0 dagger.
The orc priest hits you but does no damage.
The orc barely misses you.
You riposte.
You slash the orc!
You kill the orc!
The orc priest barely misses you.
You hit the orc priest but do no damage.
The orc priest is heavily wounded.
The orc priest closely misses you.
You closely miss the orc priest.
The orc priest is heavily wounded.
The orc priest completely misses you.
You riposte.
You barely miss the orc priest.
The orc priest is heavily wounded.
You hit the orc priest but do no damage.
The orc priest is heavily wounded.
The orc priest barely misses you. The orc closely misses you.
You hit the orc priest.
The orc priest is heavily wounded.
The orc closely misses you.
The orc priest hits you with a +0 flail.
You hit the orc priest but do no damage.
The orc priest is heavily wounded.
The orc priest hits you with a +0 flail.
The orc barely misses you.
You hit the orc priest.
The orc priest is almost dead.
The orc priest hits you with a +0 flail!
* * * LOW HITPOINT WARNING * * *
The orc hits you with a +0 dagger.
* * * LOW HITPOINT WARNING * * *
You hit the orc priest.
You kill the orc priest!
The orc hits you with a +0 dagger.
You die...

..........##.#.
##.....#### .. #.....#
.. #....÷# #. #.....# #.
##.....# ###.## #......#
....# # #.##.#.# # #
#))##.####
#.##.#.###.####.@......#
..............##o##.#.#.
.........#.##.##.#
....##..##..†....#
........#####...##
..#..##.# ###.#
........# #.# ###..####
#.# .....### #.#


You could see an orc.

Vanquished Creatures
  A water moccasin zombie (D:2)
  An orc priest (D:2)
  A dart slug (D:1)
  3 orcs (D:2)
  3 bats (D:1)
  5 endoplasms (D:1)
  2 giant cockroaches (D:1)
  2 goblins (D:1)
  4 hobgoblins
  6 kobolds
  2 quokkas
  2 ball pythons (D:1)
  2 frilled lizards
  2 rats
36 creatures vanquished.

Notes
Turn   | Place    | Note
-------+----------+-------------------------------------------
     0 | D:1      | leviel the Gargoyle Monk began the quest for the Orb.
     0 | D:1      | Reached XP level 1. HP: 14/14 MP: 1/1
   168 | D:1      | Reached XP level 2. HP: 19/19 MP: 2/2
   662 | D:1      | Reached XP level 3. HP: 8/24 MP: 3/3
  1284 | D:2      | Reached skill level 1 in Armour
  1284 | D:2      | Reached XP level 4. HP: 4/29 MP: 4/4
  1603 | D:2      | Reached skill level 4 in Fighting
  1770 | D:2      | Slain by an orc

Illustrated notes

Levels and vault maps discovered:
D:1:      ebering_trefoil_3fold, layout_basic
D:2:      layout_loops_cross, nicolae_ashenzari_panopticon,
          chequers_ecumenical_altar_simple_redux

Skill      XL: |  1  2  3  4 |
---------------+-------------+-----
Long Blades    | 3 |  3.7
Armour         | 1 |  1.1
Fighting       | 4 |  4.0
Dodging        | |  2.9
Stealth        | |  2.3

Action                   |  1- 3 |  4- 6 || total
-------------------------+-------+-------++-------
Melee: Falchion          |    99 |    28 ||   127
 Stab: Sleeping          |     5 |       ||     5
Armor: Robe              |    37 |     7 ||    44
Dodge: Dodged            |    54 |    19 ||    73
       Rpst.: Falchion   |    18 |     5 ||    23

Table legend: (Time is in decaauts)
 A = Elapsed time spent in this place.
 B = Non-inter-level travel time spent in this place.
 C = Inter-level travel time spent in this place.
 D = Time resting spent in this place.
 E = Time spent auto-exploring this place.
 F = Levels seen in this place.
 G = Mean time per level.
                   A        B        C        D        E       F      G
               +--------+--------+--------+--------+--------+-----+--------+
         Total |   1787 |   1787 |      0 |    461 |   1070 |   2 |  893.5 |
       Dungeon |   1787 |   1787 |      0 |    461 |   1070 |   2 |  893.5 |
               +--------+--------+--------+--------+--------+-----+--------+

Top non-repeatable levels by time:
     D:1: 1235 daAuts
     D:2: 551 daAuts
